 Dungeon Crawl Stone Soup version 0.18.1-6-gd335043 (webtiles) character file.

139 Moloch the Slasher (level 5, 0/36 HPs)
             Began as a High Elf Fighter on May 20, 2016.
             Killed from afar by an orc wizard (8 damage)
             ... with a magic dart
             ... on level 3 of the Dungeon.
             The game lasted 00:02:18 (1829 turns).

Moloch the Slasher (High Elf Fighter)               Turns: 1829, Time: 00:02:19

Health: 0/36       AC: 12    Str: 16    XL:     5   Next: 1%
Magic:  6/6        EV:  4    Int: 11    God:
Gold:   89         SH:  9    Dex: 15    Spells: 0 memorised, 4 levels left

rFire  . . .     SeeInvis .     a - +0 long sword
rCold  . . .     Gourm    .     q - +0 chain mail (curse)
rNeg   . . .     Faith    .     c - +0 shield
rPois  .         Spirit   .     (no helmet)
rElec  .         Dismiss  .     s - +0 cloak
rCorr  .         Reflect  .     l - +1 pair of gloves {archery}
SustAt .         Harm     .     (no boots)
MR     .....                    (no amulet)
Stlth  ..........               (no ring)
                                (no ring)

@: slowed, very slow, not resistant to hostile enchantments, extremely
unstealthy
A: no striking features
a: no special abilities


You were on level 3 of the Dungeon.
You were very hungry.

You visited 1 branch of the dungeon, and saw 3 of its levels.

You collected 89 gold pieces.

Inventory:

Hand Weapons
 a - a +0 long sword (weapon)
Missiles
 p - 23 arrows
Armour
 c - a +0 shield (worn)
 l - a +1 pair of gloves of archery (worn)
 q - a cursed +0 chain mail (worn)
 s - a +0 cloak (worn)
Wands
 n - a wand of lightning (8/15)
Scrolls
 e - 3 scrolls of remove curse {unknown}
 g - 2 scrolls of enchant armour {unknown}
 i - 2 scrolls of blinking {unknown}
 j - 2 scrolls of identify {unknown}
 m - a scroll of recharging {unknown}
 o - 4 scrolls of immolation {unknown}
 r - a scroll of teleportation {unknown}
Potions
 d - a potion of might
 h - 3 potions of haste {unknown}
 k - 3 potions of heal wounds {unknown}
 t - a potion of cancellation {unknown}
 u - a potion of resistance {unknown}
Comestibles
 b - a meat ration
 f - a bread ration


   Skills:
 - Level 3.0 Fighting
 + Level 6.3 Long Blades
 - Level 2.6 Armour
 - Level 2.6 Shields


You had 4 spell levels left.
You didn't know any spells.

Dungeon Overview and Level Annotations

Branches:
Dungeon (3/15)

Altars:


Message History

You hit the orc priest.
The orc priest is almost dead.
You block the orc priest's attack. x2
Your shield and chain mail prevent you from hitting the orc priest.
The orc priest is almost dead.
The orc wizard hits you but does no damage.
The orc priest hits you but does no damage.
The orc wizard casts a spell.
The orc wizard blinks!
The orc priest hits you but does no damage.
You slash the orc priest!
You kill the orc priest!
Your Long Blades skill increases to level 6!
You have reached level 5!
You block the orc wizard's attack.
The orc wizard hits you but does no damage.
You closely miss the orc wizard. The orc wizard casts a spell at you.
The magic dart hits you!
You die...

#..##.....#.................
#...#....#...............##
#....#..#................
#....###...#............
#...###....#####..##...
#..#..#....#(.........
#.#....#...#.........
#.#.....##.#.)...#...
#........o@..####...
#.#####..#...# #.
............. #
#..........#....
####...#...#....$ ...###....
.... .## #.%... ... .#
#...#.....


You could see an orc wizard.

Vanquished Creatures
  2 orc priests (D:3)
  3 adders (D:2)
  An ooze (D:1)
  2 dart slugs
  3 orcs
  A ball python (D:2)
  8 bats
  2 goblins (D:2)
  5 hobgoblins
  5 jackals
  6 kobolds
  4 rats (D:1)
42 creatures vanquished.

Notes
Turn   | Place    | Note
--------------------------------------------------------------
     0 | D:1      | Moloch the High Elf Fighter began the quest for the Orb.
     0 | D:1      | Reached XP level 1. HP: 16/16 MP: 2/2
   173 | D:1      | Reached skill level 3 in Long Blades
   173 | D:1      | Reached XP level 2. HP: 18/21 MP: 3/3
   611 | D:1      | Reached skill level 4 in Long Blades
   793 | D:2      | Reached XP level 3. HP: 26/26 MP: 4/4
  1175 | D:2      | Reached skill level 5 in Long Blades
  1478 | D:2      | Reached XP level 4. HP: 22/31 MP: 5/5
  1826 | D:3      | Reached skill level 6 in Long Blades
  1826 | D:3      | Reached XP level 5. HP: 7/36 MP: 6/6
  1829 | D:3      | Killed from afar by an orc wizard

Skill      XL: |  1  2  3  4 |
---------------+-------------+-----
Long Blades    | 3 4 5 6 |  6.3
Fighting       | |  3.0
Armour         | |  2.6
Shields        | |  2.6

Action                   |  1- 3 |  4- 6 || total
-------------------------+-------+-------++-------
Melee: Long sword        |   144 |    42 ||   186
  Eat: Chunk             |     2 |       ||     2
Armor: Scale mail        |    41 |       ||    41
       Chain mail        |    75 |    33 ||   108
Dodge: Dodged            |    37 |    12 ||    49
Block: Shield            |   100 |    16 ||   116
